 Dungeon Crawl Stone Soup version 0.29-a0-319-gad05b8d819 (webtiles) character file.

Game seed: 3310385395352857067

60379 tilp the Fighter (level 14, -16/72 HPs)
             Began as a Felid Ice Elementalist on Mar 31, 2022.
             Was a High Priest of Vehumet.
             Demolished by a +3 glaive of venom (22 damage)
             ... on level 2 of the Elven Halls on Apr 1, 2022.
             The game lasted 01:20:41 (46287 turns).

tilp the Fighter (Felid Ice Elementalist)          Turns: 46287, Time: 01:20:42

Health: -16/72     AC:  3    Str:  4    XL:     14   Next: 56%
Magic:  12/30      EV: 23    Int: 25    God:    Vehumet [*****.]
Gold:   1271       SH:  0    Dex: 20    Spells: 8/35 levels left
                                        Lives:  0   Deaths: 4

rFire   . . .      SeeInvis +     - Unarmed
rCold   + + +      Faith    .   (shield unavailable)
rNeg    + + +      Spirit   .   (body armour unavailable)
rPois   .          Reflect  .   (helmet unavailable)
rElec   +          Harm     .   (cloak unavailable)
rCorr   .          Rampage  .   (gloves unavailable)
Will    +++++      Clarity  +   (boots unavailable)
Stlth   +++++.....              B - amulet of the Four Winds {rN+ Will+++ Clar}
HPRegen 0.22/turn               U - ring "Cerac" {rF+ rC+ Int+2 Dex+2 Slay+3}
MPRegen 0.22/turn               A - ring of the Tuna {Ice rElec rN++ Will+}

@: quick
A: very small, claws 1, fangs 3, see invisible, speed 1, shaggy fur 3, stealthy
paws, no weapons or thrown items, no armour, multi-lived
a: Renounce Religion


You were on level 2 of the Elven Halls.
You worshipped Vehumet.
Vehumet was extremely pleased with you.
You visited 5 branches of the dungeon, and saw 26 of its levels.
You also visited: Ice Cave and Volcano.

You collected 2711 gold pieces.
You spent 1440 gold pieces at shops.

Inventory:

Jewellery
 n - an amulet of regeneration
 s - a ring of fire
 t - a +6 ring of intelligence
 x - a +6 ring of dexterity
 y - a ring of flight
 A - the ring of the Tuna (right paw) {Ice rElec rN++ Will+}
   (You found it on level 2 of the Lair of Beasts)

   [ring of ice]

   It enhances your ice magic.
   rF:        It makes you vulnerable to fire.
   rC:        It protects you from cold.
   rElec:     It insulates you from electricity.
   rN:        It greatly protects you from negative energy.
   Will:      It increases your willpower.
 B - the amulet of the Four Winds (around neck) {rN+ Will+++ Clar}
   (You found it on level 2 of the Lair of Beasts)

   [amulet of nothing]

   rN:        It protects you from negative energy.
   Clar:      It protects you against confusion.
   Will:      It greatly increases your willpower.
 F - a +6 ring of intelligence
 H - a ring of ice
 N - a +4 ring of evasion
 P - a ring of fire
 Q - a +6 ring of strength
 T - the ring "Usiabbie" {rF+ rC+}
   (You found it in an ice cave)

   [ring of protection from cold]

   rF:        It protects you from fire.
   rC:        It protects you from cold.
 U - the ring "Cerac" (left paw) {rF+ rC+ Int+2 Dex+2 Slay+3}
   (You found it in an ice cave)

   [ring of protection from cold]

   Int:       It affects your intelligence (+2).
   Dex:       It affects your dexterity (+2).
   Slay:      It affects your accuracy & damage with ranged weapons and melee
   (+3).
   rF:        It protects you from fire.
   rC:        It protects you from cold.
Wands
 g - a wand of iceblast (9)
 u - a wand of polymorph (35)
 z - a wand of flame (61)
 C - a wand of paralysis (9)
 M - a wand of acid (7)
 O - a wand of digging (6)
 R - a wand of mindburst (8)
Scrolls
 b - 10 scrolls of teleportation
 f - 2 scrolls of torment
 i - 2 scrolls of amnesia
 m - 7 scrolls of blinking
 p - 3 scrolls of magic mapping
 r - 6 scrolls of identify
 w - 2 scrolls of holy word
 G - a scroll of immolation
 K - 3 scrolls of vulnerability
 L - 3 scrolls of fog
 V - a scroll of summoning
Potions
 a - 3 potions of magic
 c - 6 potions of flight
 d - 6 potions of attraction
 e - 15 potions of curing
 h - 4 potions of haste
 j - 2 potions of resistance
 k - 6 potions of lignification
 l - 4 potions of brilliance
 o - 2 potions of berserk rage
 q - 3 potions of mutation
 v - a potion of ambrosia
 D - 5 potions of heal wounds
 E - a potion of invisibility
 I - 4 potions of might
 J - 2 potions of cancellation
Miscellaneous
 S - a piece from Xom's chessboard (15/15)


   Skills:
 + Level 14.9 Fighting
 - Level 8.0 Dodging
 - Level 10.0 Stealth
 - Level 6.0 Unarmed Combat
 - Level 11.0 Spellcasting
 + Level 14.5 Conjurations
 - Level 4.0 Translocations
 - Level 4.0 Transmutations
 - Level 12.0 Ice Magic
 - Level 4.0 Air Magic
 - Level 8.0 Evocations


You had 8 spell levels left.
You knew the following spells:

 Your Spells              Type           Power      Damage    Failure   Level
a - Freeze                Ice            100%       1d11      1%          1
b - Frozen Ramparts       Ice            100%       1d12      1%          3
c - Ozocubu's Armour      Ice            84%        N/A       1%          3
d - Hailstorm             Conj/Ice       88%        3d18      1%          4
e - Searing Ray           Conj           100%       2d8       0%          2
f - Irradiate             Conj/Tmut      28%        3d22      1%          5
g - Freezing Cloud        Conj/Ice/Air   38%        6-21      1%          5
h - Iskenderun's Mystic   Conj/Tloc      56%        2d12      1%          4

Your spell library contained the following spells:

 Spells                   Type           Power      Damage    Failure   Level
 Conjure Ball Lightning   Conj/Air       28%        3x3d8     4%          6
 Magic Dart               Conj           100%       1d8       0%          1
 Apportation              Tloc           66%        N/A       1%          1
 Poisonous Vapours        Pois/Air       46%        N/A       1%          2
 Wereblood                Tmut           33%        N/A       1%          2
 Conjure Flame            Conj/Fire      50%        6-21      1%          3
 Mephitic Cloud           Conj/Pois/Air  44%        N/A       1%          3
 Fulminant Prism          Conj/Hex       25%        3d14      1%          4
 Sticky Flame             Conj/Fire      50%        2d7       1%          4
 Lightning Bolt           Conj/Air       28%        1d44      1%          5
 Ignite Poison            Fire/Tmut/Pois 20%        N/A       2%          3
 Corpse Rot               Necr/Air       46%        N/A       3%          2
 Slow                     Hex            52%        N/A       4%          1
 Summon Small Mammal      Summ           52%        N/A       4%          1
 Call Imp                 Summ           13%        N/A       7%          2
 Sublimation of Blood     Necr           13%        N/A       7%          2
 Metabolic Englaciation   Hex/Ice        30%        N/A       11%         5
 Call Canine Familiar     Summ           13%        N/A       13%         3
 Confusing Touch          Hex            13%        N/A       13%         3
 Summon Guardian Golem    Hex/Summ       13%        N/A       13%         3
 Vampiric Draining        Necr           13%        2d6       13%         3
 Petrify                  Tmut/Erth      23%        N/A       19%         4
 Lee's Rapid Deconstruct  Erth           6%         3d7*      30%         5
 Spellforged Servitor     Conj/Summ      25%        N/A       41%         7
 Alistair's Intoxication  Tmut/Pois      15%        N/A       47%         5
 Statue Form              Tmut/Erth      15%        N/A       96%         6
 Summon Hydra             Summ           6%         N/A       100%        7


Dungeon Overview and Level Annotations

Branches:
Dungeon (15/15)            Temple (1/1) D:4            Lair (6/6) D:8
 Shoals (0/4) Lair:3       Spider (0/4) Lair:2        Slime (0/5) Lair:6
    Orc (2/2) D:9             Elf (2/3) Orc:2        Vaults (0/5) D:13
  IceCv (visited)         Volcano (visited)
 Depths: D:15

Altars:
Ashenzari
Cheibriados
Dithmenos
Elyvilon
Fedhas
Gozag
Hepliaklqana
Kikubaaqudgha
Makhleb
Nemelex Xobeh
Okawaru
Qazlal
Ru
Sif Muna
Trog
Uskayaw
Vehumet
Wu Jian
Xom
Yredelemnul
Zin
The Shining One
Jiyva

Shops:
D:4 *   D:5 (   D:10 ?   D:11 !=   Orc:2 ?[[!

Portals:
Trove: D:10 (give 8 potions of haste)

Annotations:
D:9 skeletal warriors !?
D:11 exclusions: boulder beetle and 4 skeletal warriors
D:14 Frances
D:15 exclusions: 2 doors and 1 more exclusion
Lair:2 exclusions: redback and water moccasin
Lair:3 exclusions: hydra and oklob plant
Lair:6 exclusion: 2 death yaks
Elf:1 1 runed translucent door, Nuiffe Xitzo's ghost, journeyman DrEE


Innate Abilities, Weirdness & Mutations

You have sharp claws.
You have razor-sharp teeth.
You have supernaturally acute eyesight. (SInv)
You cover ground quickly. (Speed+)
Your thick and shaggy fur keeps you warm. (AC +3, rC+)
Your paws help you pounce on unaware monsters.
You are incapable of wielding weapons or throwing items.
You cannot wear armour.
You gain extra lives every three experience levels.


Message History

Unknown command.
Casting: Iskenderun's Mystic Blast (safe; 1% risk of failure)
Confirm with . or Enter, or press ? or * to list all spells.
You erupt in a blast of force!
The mystic blast hits the +0 dire flail of protection.
The +0 dire flail of protection is severely damaged.
The +0 dire flail of protection is knocked back by the mystic blast.
Unknown command.
Unknown command.
Unknown command.
Casting: Iskenderun's Mystic Blast (safe; 1% risk of failure)
Confirm with . or Enter, or press ? or * to list all spells.
Casting: Hailstorm (safe; 1% risk of failure)
Press: ? - help, Dir - look around, f - activate You feel a surge of power!
A cannonade of hail descends around you!
The hail pelts the +4 eveningstar of holy wrath!!
The +4 eveningstar of holy wrath partially resists.
The +4 eveningstar of holy wrath is severely damaged.
The hail pelts the +0 dire flail of protection!
The +0 dire flail of protection partially resists.
The +0 dire flail of protection falls from the air.
Vehumet accepts your kill.
Unknown command.
Unknown command.
Casting: Hailstorm (safe; 1% risk of failure)
Confirm with . or Enter, or press ? or * to list all spells.
You erupt in a blast of force!
The mystic blast hits the +4 eveningstar of holy wrath!
The +4 eveningstar of holy wrath falls from the air.
Vehumet accepts your kill.
Your surroundings suddenly seem different.
A +3 glaive of venom, a +1 vorpal glaive, a +5 battleaxe of venom and a +5 hand axe of electrocution come into view.
Unknown command.
You pounce on the unaware helpless +1 vorpal glaive!
You eviscerate the +1 vorpal glaive!!!
The +1 vorpal glaive falls from the air.
Vehumet accepts your kill.
The +3 glaive of venom hits you from afar!!
You die...

.............
............
#..........#
##...........
#............
##....(.......
.#.............
.......@.......
#...........)......(
#...................
#...................
#...................
#....e#.............
#....###............
#....# #...........(
#...# #........


You could see a deep elf pyromancer and 3 dancing weapons.

Vanquished Creatures
  A rockslime (IceCv)
  A deep elf sorcerer (Elf:1)
  3 azure jellies (IceCv)
  6 quicksilver oozes (IceCv)
  A deep elf death mage (Elf:1)
  Josephine (D:14)
  A fire dragon (D:15)
  5 hydras
  3 boulder beetles
  Erolcha (D:13)
  6 ogre magi
  4 centaur warriors
  26 two-headed ogres
  2 tengu warriors (D:15)
  14 death yaks
  8 dancing weapons
  7 deep elf knights
  The ghost of jmlagarto the Skirmisher, a novice HOAK of Lugonu (D:7)
  2 deep trolls (Orc:2)
  Lodul (D:14)
  3 orange crystal statues (IceCv)
  4 deep elf archers
  A spriggan simulacrum (Elf:1)
  2 lindwurms
  11 deep elf zephyrmancers (Elf:1)
  Pikel (D:5)
  21 deep elf pyromancers
  2 orc knights
  2 orc sorcerers
  5 ugly things
  7 cyclopes
  4 manticores
  10 elephants
  2 black mambas
  2 gargoyles (D:12)
  5 cane toads
  A torpor snail (Lair:5)
  11 komodo dragons
  8 rime drakes
  4 entropy weaver simulacra
  An anaconda simulacrum (Elf:1)
  An efreet (D:15)
  An unseen horror (shapeshifter) (D:14)
  A tengu conjurer (D:13)
  A polar bear (Lair:3)
  5 very ugly thing simulacra (IceCv)
  10 trolls
  A tarantella (shapeshifter) (D:15)
  25 slime creatures
  3 dream sheep (Lair:5)
  11 blink frogs (Lair:5)
  A culicivora (shapeshifter) (D:14)
  36 yaks
  2 shadows
  A vampire (D:13)
  7 wraiths
  3 wyverns
  8 fire elementals
  A dire elephant simulacrum (Elf:1)
  4 basilisks
  7 steam dragons
  8 water elementals
  10 vampire mosquitoes
  A minotaur simulacrum (Elf:1)
  2 harpy simulacra (Elf:1)
  3 acid dragons
  10 demonic crawler simulacra (IceCv)
  2 wargs
  12 water moccasins
  4 hell hounds (Volcano)
  2 sky beasts
  3 black bears
  19 orc warriors
  2 ugly thing simulacra (IceCv)
  24 centaurs
  6 wolves (Lair:6)
  31 ogres
  A lemure (D:5)
  3 phantoms
  A necrophage (D:5)
  17 bullfrogs
  An earth elemental (Elf:1)
  4 scorpions
  A gnoll sergeant (D:9)
  4 wights
  A killer bee (D:10)
  2 electric eels (D:14)
  3 howler monkeys
  3 hounds
  3 quasits (D:7)
  11 orc priests
  4 gnoll shamans
  3 jellies
  16 iguanas
  29 orc wizards
  4 adders
  21 gnolls
  3 white imps
  An adder skeleton (D:2)
  An adder zombie (D:2)
  A worm (D:3)
  69 orcs
  8 endoplasms
  2 giant cockroaches
  8 goblins
  10 hobgoblins
  11 jackals
  5 quokkas
  8 ball pythons
  A ball python skeleton (D:2)
  A ball python zombie (D:2)
  4 bats
  14 frilled lizards
  3 giant cockroach zombies (D:2)
  A jackal skeleton (D:2)
  3 kobolds
  A quokka skeleton (D:2)
  A quokka zombie (D:2)
  A rat (D:2)
  6 bushes
  A butterfly (D:15)
765 creatures vanquished.

Vanquished Creatures (others)
  11 bushes (D:15)
  38 fungi
  32 plants
  7 withered plants (D:2)
88 creatures vanquished.

Grand Total: 853 creatures vanquished

Notes
Turn   | Place    | Note
-------+----------+-------------------------------------------
     0 | D:1      | tilp the Felid Ice Elementalist began the quest for the
                  | Orb.
     0 | D:1      | Reached XP level 1. HP: 7/7 MP: 4/4
   174 | D:1      | Reached XP level 2. HP: 12/12 MP: 6/6
   932 | D:2      | Reached skill level 1 in Fighting
   999 | D:2      | Reached XP level 3. HP: 15/15 MP: 5/7
  1030 | D:2      | Learned a level 3 spell: Frozen Ramparts
  1376 | D:2      | Learned a level 3 spell: Ozocubu's Armour
  1734 | D:2      | Found a faded altar of an unknown god.
  2043 | D:2      | Reached XP level 4. HP: 11/19 MP: 4/8
  2541 | D:3      | Found an iron altar of Okawaru.
  2908 | D:3      | Found a glowing silver altar of Zin.
  3137 | D:4      | Found Wage's Whimsical Warehouse.
  3137 | D:4      | Noticed a scorpion
  3141 | D:4      | Killed a scorpion
  3142 | D:4      | Reached skill level 5 in Ice Magic
  3142 | D:4      | Reached XP level 5. HP: 19/22 MP: 1/10
  3418 | D:4      | Found a burning altar of Makhleb.
  3823 | D:4      | Gained mutation: You are covered in thick fur. (AC +2)
                  | [Felid growth]
  3823 | D:4      | Reached XP level 6. HP: 26/26 MP: 3/11
  3928 | D:4      | Found a staircase to the Ecumenical Temple.
  3933 | Temple   | Entered the Ecumenical Temple
  4420 | D:5      | Entered Level 5 of the Dungeon
  4678 | D:5      | Noticed Pikel
  4689 | D:5      | Killed Pikel
  4690 | D:5      | Reached XP level 7. HP: 26/31 MP: 3/12
  4825 | D:5      | Reached skill level 5 in Stealth
  4978 | D:5      | Found Xisanu's Weapon Boutique.
  5367 | D:5      | Learned a level 4 spell: Hailstorm
  5453 | D:5      | Noticed a shadow
  5568 | D:6      | Reached skill level 1 in Evocations
  5730 | D:6      | Reached skill level 1 in Conjurations
  5730 | D:6      | Reached XP level 8. HP: 26/36 MP: 5/13
  7462 | D:6      | Learned a level 2 spell: Searing Ray
  7969 | D:7      | Reached XP level 9. HP: 39/39 MP: 7/16
  8096 | D:7      | Found a bloodstained altar of Trog.
  8096 | D:7      | Found a radiant altar of Vehumet.
  8098 | D:7      | Found an ancient bone altar of Kikubaaqudgha.
  8159 | D:7      | Found a transporter.
  8169 | D:7      | Noticed jmlagarto's ghost (novice HOAK)
  8191 | D:7      | Became a worshipper of Vehumet
  8217 | D:7      | Found a transporter.
  9309 | D:8      | Reached skill level 5 in Conjurations
  9407 | D:8      | Found a staircase to the Lair.
  9516 | D:8      | Reached skill level 5 in Spellcasting
 10082 | D:9      | Reached * piety under Vehumet
 10082 | D:9      | Offered knowledge of Sandblast by Vehumet.
 10127 | D:9      | Noticed a skeletal warrior
 10180 | D:9      | Noticed a two-headed ogre
 10642 | D:9      | Noticed a skeletal warrior
 10644 | D:9      | Noticed a skeletal warrior
 10645 | D:9      | Noticed a skeletal warrior
 10647 | D:9      | Slain by a skeletal warrior
 10648 | D:9      | Reached XP level 8. HP: 0/36 MP: 15/16
 10844 | D:9      | Reached XP level 9. HP: 7/39 MP: 3/17
 10846 | D:9      | Killed a two-headed ogre
 10938 | D:9      | Found a hide-covered altar of Uskayaw.
 10952 | D:9      | Noticed a two-headed ogre
 10987 | D:9      | Killed a two-headed ogre
 11116 | D:9      | Found a staircase to the Orcish Mines.
 11544 | D:10     | Entered Level 10 of the Dungeon
 11793 | D:10     | Found a hazy altar of Hepliaklqana.
 11819 | D:10     | Reached ** piety under Vehumet
 11820 | D:10     | Reached skill level 5 in Evocations
 11820 | D:10     | Reached XP level 10. HP: 17/43 MP: 5/18
 11822 | D:10     | Offered knowledge of Scorch by Vehumet.
 11823 | D:10     | Reached skill level 5 in Fighting
 12153 | D:10     | Reached skill level 5 in Dodging
 12312 | D:10     | Found Qaverhuvo's Magic Scroll Emporium.
 12321 | D:10     | Bought a scroll of identify for 28 gold pieces
 12321 | D:10     | Bought a scroll of identify for 28 gold pieces
 12321 | D:10     | Bought a scroll of identify for 28 gold pieces
 12321 | D:10     | Bought a scroll of magic mapping for 49 gold pieces
 12321 | D:10     | Bought a scroll of identify for 28 gold pieces
 12595 | D:10     | Found a portal to a secret trove of treasure.
 13014 | D:11     | Noticed a boulder beetle
 13063 | D:11     | Noticed a manticore
 13585 | D:7      | Killed jmlagarto's ghost
 13846 | Lair:1   | Entered Level 1 of the Lair of Beasts
 13903 | Lair:1   | Noticed a cane toad
 14187 | Lair:1   | Noticed a cane toad
 14213 | Lair:1   | Killed a cane toad
 14305 | Lair:1   | Killed a cane toad
 14470 | Lair:1   | Noticed a black mamba
 14858 | Lair:1   | Killed a black mamba
 15197 | Lair:2   | Offered knowledge of Static Discharge by Vehumet.
 15199 | Lair:2   | Reached XP level 11. HP: 49/49 MP: 10/19
 15383 | Lair:2   | Identified the ring of the Tuna {Ice rElec rN++ Will+}
 15691 | Lair:2   | Reached *** piety under Vehumet
 16228 | Lair:2   | Offered knowledge of Flame Wave by Vehumet.
 16246 | Lair:2   | Found the amulet of the Four Winds {rN+ Will+++ Clar}
 16753 | Lair:2   | Found a hole to the Spider Nest.
 16968 | Lair:2   | HP: 2/52 [rime drake/flash freeze (6)]
 17756 | Lair:3   | Found a hazy altar of Hepliaklqana.
 17797 | Lair:3   | Found a staircase to the Shoals.
 17809 | Lair:3   | Noticed an oklob plant
 17818 | Lair:3   | Noticed a seven-headed hydra
 17883 | Lair:3   | HP: 1/52 [yak (13)]
 17884 | Lair:3   | Mangled by a yak
 17885 | Lair:3   | Reached XP level 10. HP: -12/49 MP: 1/19
 17885 | Lair:3   | Noticed a cane toad
 17891 | Lair:3   | Killed a cane toad
 17892 | Lair:3   | Reached XP level 11. HP: 29/52 MP: 20/20
 18951 | Lair:4   | Reached **** piety under Vehumet
 19187 | Lair:4   | Noticed a six-headed hydra
 19220 | Lair:4   | Killed a six-headed hydra
 19738 | Lair:4   | Noticed a boulder beetle
 19739 | Lair:4   | Upgraded the game from 0.29-a0-317-gd16b76e6b1 to
                  | 0.29-a0-319-gad05b8d819
 20004 | Lair:4   | Offered knowledge of Mephitic Cloud by Vehumet.
 20157 | Lair:4   | Killed a boulder beetle
 20158 | Lair:4   | Reached skill level 10 in Conjurations
 20158 | Lair:4   | Reached skill level 10 in Ice Magic
 20392 | Lair:4   | Noticed a death yak
 20394 | Lair:4   | Noticed a death yak
 20394 | Lair:4   | Noticed a death yak
 20395 | Lair:4   | Noticed a death yak
 20409 | Lair:4   | Killed a death yak
 20412 | Lair:4   | Noticed a death yak
 20681 | Lair:4   | Noticed a seven-headed hydra
 20707 | Lair:4   | Killed a seven-headed hydra
 20708 | Lair:4   | Reached skill level 10 in Fighting
 20708 | Lair:4   | Gained mutation: Your thick and shaggy fur keeps you warm.
                  | (AC +3, rC+) [Felid growth]
 20708 | Lair:4   | Reached XP level 12. HP: 58/58 MP: 7/23
 20804 | Lair:4   | Noticed a death yak
 20804 | Lair:4   | Noticed a death yak
 20806 | Lair:4   | Noticed a death yak
 20826 | Lair:4   | Killed a death yak
 20827 | Lair:4   | Killed a death yak
 20841 | Lair:4   | Killed a death yak
 21166 | Lair:4   | Killed a death yak
 21172 | Lair:4   | Killed a death yak
 21172 | Lair:4   | Killed a death yak
 21181 | Lair:4   | Killed a death yak
 21363 | Lair:5   | Noticed a death yak
 21363 | Lair:5   | Noticed a death yak
 21409 | Lair:5   | Found a shimmering altar of Xom.
 21486 | Lair:5   | Found a dark tunnel.
 21650 | Volcano  | Entered a volcano
 22595 | Volcano  | Reached XP level 13. HP: 59/62 MP: 10/25
 22820 | Lair:5   | Reached skill level 5 in Unarmed Combat
 22921 | Lair:5   | Reached ***** piety under Vehumet
 22921 | Lair:5   | Offered knowledge of Irradiate by Vehumet.
 24546 | Lair:6   | Entered Level 6 of the Lair of Beasts
 24754 | Lair:6   | Found a staircase to the Slime Pits.
 24755 | Lair:6   | Found a viscous altar of Jiyva.
 26437 | Orc:1    | Entered Level 1 of the Orcish Mines
 27265 | Orc:1    | Reached skill level 10 in Stealth
 27547 | Orc:1    | Learned a level 5 spell: Irradiate
 27569 | Orc:2    | Entered Level 2 of the Orcish Mines
 27570 | Orc:2    | Found a staircase to the Elven Halls.
 28161 | Orc:2    | Reached skill level 1 in Transmutations
 29070 | Orc:2    | Reached XP level 14. HP: 67/67 MP: 20/27
 29201 | Orc:2    | Offered knowledge of Freezing Cloud by Vehumet.
 29225 | Orc:2    | Found Zutocs's Distillery.
 29229 | Orc:2    | Found Rossima's Antique Armour Shop.
 29624 | Orc:2    | Learned a level 5 spell: Freezing Cloud
 29832 | Orc:2    | Found Qekofuit's Magic Scroll Emporium.
 29832 | Orc:2    | Found Utude's Antique Armour Shoppe.
 30011 | Orc:2    | Bought a potion of might for 56 gold pieces
 30011 | Orc:2    | Bought 3 potions of magic for 336 gold pieces
 30011 | Orc:2    | Bought a potion of might for 56 gold pieces
 30011 | Orc:2    | Bought a potion of resistance for 140 gold pieces
 30011 | Orc:2    | Bought a potion of cancellation for 112 gold pieces
 30022 | Orc:2    | Bought a scroll of magic mapping for 45 gold pieces
 30022 | Orc:2    | Bought a scroll of holy word for 97 gold pieces
 30022 | Orc:2    | Bought a scroll of vulnerability for 97 gold pieces
 30022 | Orc:2    | Bought a scroll of fog for 26 gold pieces
 30022 | Orc:2    | Bought a scroll of fog for 26 gold pieces
 30405 | D:11     | Found Hoaschygi's Jewellery Boutique.
 30624 | D:11     | Found Gybos's Distillery.
 30632 | D:11     | Identified the +8 long sword "Lifebane" {elec, Drain +Blink
                  | rCorr Stlth-}
 30640 | D:11     | Bought a potion of heal wounds for 80 gold pieces
 30640 | D:11     | Bought a potion of heal wounds for 80 gold pieces
 30640 | D:11     | Bought a potion of cancellation for 128 gold pieces
 30726 | D:11     | Reached skill level 1 in Air Magic
 32003 | D:13     | Noticed Erolcha
 32007 | D:13     | Killed Erolcha
 33318 | D:13     | Found a gate to the Vaults.
 33852 | D:14     | Identified the +4 scale mail of the Eight Boll Weevils
                  | {rPois rCorr Str+7 Dex-5}
 34096 | D:14     | Noticed Lodul
 34108 | D:14     | Killed Lodul
 34927 | D:14     | Noticed Frances
 35284 | D:14     | Found a broken altar of Ashenzari.
 35471 | D:14     | Reached XP level 15. HP: 64/73 MP: 25/29
 35615 | D:14     | Learned a level 4 spell: Iskenderun's Mystic Blast
 35687 | D:14     | Noticed Josephine
 35693 | D:14     | Killed Josephine
 35696 | D:14     | Reached skill level 1 in Translocations
 36387 | D:15     | Entered Level 15 of the Dungeon
 37979 | D:15     | Found a white marble altar of Elyvilon.
 39094 | Elf:1    | Entered Level 1 of the Elven Halls
 39094 | Elf:1    | Found a frozen archway.
 39160 | IceCv    | Entered an ice cave
 40145 | IceCv    | Reached ****** piety under Vehumet
 40146 | IceCv    | Reached skill level 10 in Spellcasting
 42583 | IceCv    | Offered knowledge of Conjure Ball Lightning by Vehumet.
 43032 | IceCv    | Noticed a rockslime
 43038 | IceCv    | Noticed an azure jelly
 43040 | IceCv    | Noticed an azure jelly
 43045 | IceCv    | Killed a rockslime
 43248 | IceCv    | Noticed an azure jelly
 43252 | IceCv    | Killed an azure jelly
 43279 | IceCv    | Slain by an azure jelly
 43280 | IceCv    | Reached XP level 14. HP: 0/71 MP: 3/29
 43297 | IceCv    | Killed an azure jelly
 43340 | IceCv    | Killed an azure jelly
 43571 | IceCv    | Found a viscous altar of Jiyva.
 43588 | IceCv    | Got the ring "Usiabbie" {rF+ rC+}
 43590 | IceCv    | Identified the ring "Cerac" {rF+ rC+ Int+2 Dex+2 Slay+3}
 43803 | Elf:1    | Reached XP level 15. HP: 75/75 MP: 25/30
 44717 | Elf:1    | Noticed a deep elf sorcerer
 44723 | Elf:1    | Killed a deep elf sorcerer
 44927 | Elf:1    | Got the Papyrus of Creative Confrontation
 45869 | Elf:1    | Found a runed translucent door.
 45874 | Elf:1    | Noticed Nuiffe Xitzo's ghost (journeyman DrEE)
 46268 | Elf:2    | Shot with an arrow by a deep elf archer
 46269 | Elf:2    | Reached XP level 14. HP: -3/72 MP: 21/30
 46287 | Elf:2    | Demolished by a +3 glaive of venom

Illustrated notes

Levels and vault maps discovered:
D:1:      elethiomel_arrival_infinity_welcomes_careful_drivers,
          layout_loops_ring
D:2:      layout_basic, basic_ecumenical_altar, serial_undead, serial_undead_e,
          serial_undead_c, serial_undead_e, serial_undead_b, serial_undead_e,
          serial_undead_f, serial_undead_b, serial_undead_c,
          minmay_misc_feat_hallway
D:3:      layout_rooms, mainiacjoe_overflow_paths, okawaru_trees_1,
          kennysheep_another_room
D:4:      layout_basic, mainiacjoe_overflow_chevrons, minmay_temple_entry_trees,
          grunt_decor_junction, nicolae_alphabet_shops
D:5:      layout_basic, serial_shops, shop, uniq_pikel
D:6:      layout_loops_corners
D:7:      layout_loops_corners, chequers_temple_overflow_statue_of_worship,
          gammafunk_ghost_stat_death
D:8:      layout_loops_ring, dpeg_oklobed_lair
D:9:      layout_small_grid, mainiacjoe_overflow_catwalk, orc_0_dummy, uniq_grum
D:10:     layout_loops_ring, mainiacjoe_overflow_concentric_impassable,
          nicolae_trove_entry_diagonal, serial_shops, nicolae_square_shop,
          kennysheep_opposing_triangles
D:11:     layout_irregular_city, serial_shops, shop_statue, nicolae_shop_trees,
          kennysheep_mini_moat
D:12:     layout_cave_pools
D:13:     layout_stronghold, david_vaults_2, grunt_ministairs_7, uniq_erolcha
D:14:     erik_rubicon_b, layout_basic, evilmike_ruin_ashenzari, uniq_josephine,
          uniq_lodul, uniq_frances
D:15:     grunt_enter_depths_snipers, layout_cave_pools,
          hellmonk_bongcloud_opening, serial_park_tiny_1,
          nicolae_elyvilon_peaceful_grove
Temple:   dpeg_chambers_temple
Lair:1:   layout_cave_pods
Lair:2:   lemuel_reptile_caves, layout_loops_ring, spider_nest_entry_webs,
          bobbens_dragon_lair_wall
Lair:3:   layout_misc_corridors, elwin_shoals_entry_rocks, basic_altar,
          st_stairs_4
Lair:4:   layout_cave_pods, st_stairs_10, dreamdust_gnoll_shepherd
Lair:5:   layout_big_grid, basic_altar, nicolae_volcano_entry_hallway,
          lemuel_fruit_tree, infiniplex_staircase_pool, serial_bayou_shore_b
Lair:6:   grunt_lair_end_beastmaster, layout_concentric_octagons, slime_altar_1
Orc:1:    layout_caves, nicolae_orc_sculptors_studio
Orc:2:    st_orc_open, layout_caves
Elf:1:    layout_geoelf_octagon, ebering_ghost_reflecting_pool,
          portal_ice_cave_entry_ice_simulacra, minmay_elf_sorcery,
          minmay_misc_feat_columns, kb_rosetta
Elf:2:    elven_hall_of_blades_hangedman_original
          [nicolae_vaults_blade_armed_guards], layout_onion_city

Skill      XL: |  1  2  3  4  5  6  7  8  9 10 11 12 13 14 15 |
---------------+----------------------------------------------+-----
Fighting       | 1 2 3 4 6 10 11 12 14 | 14.9
Ice Magic      | 4 5 6 8 10 11 12 | 12.0
Spellcasting   | 3 4 5 7 8 9 11 | 11.0
Dodging        | 4 6 7 8 |  8.0
Stealth        | 4 6 8 9 10 | 10.0
Unarmed Combat | 2 4 6 |  6.0
Evocations     | 1 3 5 7 8 |  8.0
Conjurations   | 1 7 8 10 11 12 14 | 14.5
Transmutations | 1 4 |  4.0
Air Magic      | 4 |  4.0
Translocations | 4 |  4.0

Action                   |  1- 3 |  4- 6 |  7- 9 | 10-12 | 13-15 || total
-------------------------+-------+-------+-------+-------+-------++-------
Melee: Unarmed           |    88 |    46 |    89 |   115 |    35 ||   373
       Bite              |    15 |     4 |    11 |    21 |     6 ||    57
       Punch             |       |     2 |     3 |     2 |     5 ||    12
 Cast: Freeze            |    31 |    28 |    37 |    19 |    14 ||   129
       Ozocubu's Armour  |     5 |     6 |    38 |    56 |    57 ||   162
       Frozen Ramparts   |     2 |     7 |    43 |    62 |    46 ||   160
       Searing Ray       |       |       |    26 |    55 |    34 ||   115
       Hailstorm         |       |       |     5 |    92 |   360 ||   457
       Freezing Cloud    |       |       |       |       |    98 ||    98
       Irradiate         |       |       |       |       |    19 ||    19
       Iskenderun's Myst |       |       |       |       |    61 ||    61
Evoke: Wand              |       |       |     8 |     4 |    15 ||    27
  Use: Scroll            |     5 |     5 |     9 |     8 |     4 ||    31
       Potion            |     1 |       |     1 |     1 |     2 ||     5
 Stab: Sleeping          |    10 |     5 |     7 |    16 |     8 ||    46
       Distracted        |       |       |       |       |     1 ||     1
Armor: Skin              |     9 |     7 |    26 |    57 |    31 ||   130
Dodge: Dodged            |    81 |    42 |   154 |   260 |   266 ||   803

Table legend: (Time is in decaauts)
 A = Elapsed time spent in this place.
 B = Non-inter-level travel time spent in this place.
 C = Inter-level travel time spent in this place.
 D = Time resting spent in this place.
 E = Time spent auto-exploring this place.
 F = Levels seen in this place.
 G = Mean time per level.
                   A        B        C        D        E       F      G
               +--------+--------+--------+--------+--------+-----+--------+
         Total |  42642 |  40573 |   2069 |  15418 |  19675 |  28 | 1522.9 |
       Dungeon |  20655 |  19330 |   1325 |   5583 |  11365 |  15 | 1377.0 |
        Temple |    186 |    168 |     18 |      0 |    157 |   1 |  186.0 |
          Lair |  10417 |   9863 |    554 |   3406 |   5028 |   6 | 1736.2 |
  Orcish Mines |   3622 |   3484 |    138 |   1957 |   1002 |   2 | 1811.0 |
   Elven Halls |   2337 |   2306 |     31 |     80 |   1932 |   2 | 1168.5 |
      Ice Cave |   4350 |   4350 |      0 |   3518 |    143 |   1 | 4350.0 |
       Volcano |   1072 |   1072 |      0 |    871 |     44 |   1 | 1072.0 |
               +--------+--------+--------+--------+--------+-----+--------+

Top non-repeatable levels by time:
   IceCv: 4350 daAuts
    D:14: 3228 daAuts
  Lair:4: 3148 daAuts
   Orc:1: 2288 daAuts
   Elf:1: 2082 daAuts
  Lair:2: 1998 daAuts
     D:6: 1872 daAuts
    D:15: 1584 daAuts
  Lair:6: 1576 daAuts
    D:13: 1463 daAuts
     D:7: 1458 daAuts
  Lair:1: 1426 daAuts
    D:10: 1384 daAuts
     D:8: 1371 daAuts
   Orc:2: 1333 daAuts
